 Dungeon Crawl Stone Soup version 0.27.1-1-g398f81649c (webtiles) character file.

Game seed: 13426901379705988819

137095 Borgoz the Fencer (level 17, -22/112 HPs)
             Began as a Gargoyle Berserker on Sept 20, 2021.
             Was the Champion of Trog.
             Killed from afar by a merfolk aquamancer (48 damage)
             ... with a shard of ice
             ... on level 1 of the Shoals.
             The game lasted 00:57:59 (26477 turns).

Borgoz the Fencer (Gargoyle Berserker)             Turns: 26477, Time: 00:58:00

Health: -22/112    AC: 32    Str: 27    XL:     17   Next: 23%
Magic:  17/17      EV: 19    Int: 13    God:    Trog [******]
Gold:   473        SH: 19    Dex: 20    Spells: 16/16 levels left

rFire    + + .     SeeInvis .   a - +6 scimitar of the Vine {elec, rElec rPois rF+ rN+ rCorr}
rCold    . . .     Faith    .   q - +0 kite shield of Protective Custody {rF+ Slay+3}
rNeg     + + .     Spirit   .   d - +4 troll leather armour
rPois    ∞         Reflect  +   R - +2 helmet {Int+3}
rElec    +         Harm     +   t - scarf {harm}
rCorr    +         Rampage  .   v - +1 pair of gloves "Joon" {rPois Will+}
Will     ++++.     Rnd*Rage +   W - +1 pair of boots
Stlth    +.........             y - amulet of reflection
HPRegen  2.28/turn              A - +6 ring of strength
MPRegen  0.15/turn              o - +6 ring of dexterity

@: about to teleport, strong-willed, flying, contaminated, regenerating, glowing
A: sickness immunity, AC +12, big wings, negative energy resistance 1,
electricity resistance, torment resistance 1, petrification resistance, berserk
1
a: Renounce Religion, Berserk, Trog's Hand, Brothers in Arms


You were on level 1 of the Shoals.
You worshipped Trog.
Trog was exalted by your worship.
You visited 4 branches of the dungeon, and saw 24 of its levels.
You also visited: Bailey and Gauntlet.

You collected 2358 gold pieces.
You spent 1885 gold pieces at shops.

Inventory:

Hand Weapons
 a - the +6 scimitar of the Vine (weapon) {elec, rElec rPois rF+ rN+ rCorr}
   (You found it on level 6 of the Lair of Beasts)

   It occasionally discharges a powerful burst of electricity upon striking a
   foe.
   rF:        It protects you from fire.
   rElec:     It insulates you from electricity.
   rPois:     It protects you from poison.
   rN:        It protects you from negative energy.
   rCorr:     It protects you from acid and corrosion.
 b - a +3 scimitar of flaming
 l - a +2 triple sword of flaming
Armour
 d - a +4 troll leather armour (worn)
 q - the +0 kite shield of Protective Custody (worn) {rF+ Slay+3}
   (You found it on level 4 of the Dungeon)

   Slay:      It affects your accuracy & damage with ranged weapons and melee
   (+3).
   rF:        It protects you from fire.
 t - a scarf of harm (worn)
 v - the +1 pair of gloves "Joon" (worn) {rPois Will+}
   (You found it on level 5 of the Dungeon)

   rPois:     It protects you from poison.
   Will:      It increases your willpower.
 x - a +0 chain mail of fire resistance
 R - a +2 helmet of intelligence (worn)
 S - +0 ice dragon scales
 W - a +1 pair of boots (worn)
Jewellery
 m - a ring of resist corrosion
 o - a +6 ring of dexterity (right hand)
 y - an amulet of reflection (around neck)
 A - a +6 ring of strength (left hand)
 D - a ring of willpower
 E - a ring of protection from cold
 I - a +6 ring of intelligence
Wands
 c - a wand of iceblast (15)
 g - a wand of paralysis (17)
 w - a wand of flame (30)
 J - a wand of mindburst (16)
Scrolls
 f - a scroll of silence {unknown}
 h - 7 scrolls of teleportation
 j - 3 scrolls of fog
 n - a scroll of summoning
 r - 3 scrolls of enchant weapon
 C - 5 scrolls of identify
 G - 6 scrolls of enchant armour
 Q - 3 scrolls of holy word
 Y - a scroll of magic mapping
Potions
 e - 5 potions of attraction
 i - 4 potions of heal wounds
 k - 9 potions of curing
 u - 5 potions of cancellation
 z - 3 potions of might
 H - a potion of resistance
 P - a potion of haste
 T - 2 potions of berserk rage


   Skills:
 * Level 14.3 Fighting
 * Level 15.0 Long Blades
 * Level 14.2 Armour
 * Level 11.3 Dodging
 + Level 12.5 Shields
 - Level 5.0 Evocations


You had 16 spell levels left.
You didn't know any spells.
Your spell library was empty.

Dungeon Overview and Level Annotations

Branches:
Dungeon (15/15)            Temple (0/1) D:7            Lair (6/6) D:11
 Shoals (1/4) Lair:4       Spider (0/4) Lair:2        Slime (0/5) Lair:6
    Orc (2/2) D:9             Elf (0/3) Orc:2        Vaults (0/5) D:14
 Depths (0/5) D:15         Bailey (visited)         Gauntlet (visited)

Altars:
Cheibriados
Dithmenos
Elyvilon
Fedhas
Hepliaklqana
Makhleb
Okawaru
Vehumet
Yredelemnul
Beogh

Shops:
D:5 :   D:6 [   Orc:1 [(   Orc:2 [[=?

Annotations:
Shoals:1 Neebert's ghost, journeyman MiFi


Innate Abilities, Weirdness & Mutations

You are immune to sickness and miasma.
Your stone body is resilient. (AC +12)
You are immune to poison.
Your large and strong wings let you fly.
You resist negative energy. (rN+)
You are resistant to electric shocks. (rElec)
You are resistant to unholy torment.
You are immune to petrification.
You tend to lose your temper in combat.


Message History

The merfolk impaler barely misses you.
You slash the merfolk aquamancer!
Lightning courses through the merfolk aquamancer!
The merfolk aquamancer is severely wounded.
The merfolk avatar chants a haunting song.
You resist with almost no effort.
The merfolk aquamancer gestures at you while chanting.
The torrent of water hits you but does no damage.
You shrug off the wave.
You are knocked back by the torrent of water.
The wave splashes down.
You block the alligator snapping turtle's attack.
The merfolk aquamancer gestures wildly while chanting.
The merfolk aquamancer blinks!
The faun shoots a stone.
You reflect the stone off an invisible shield around you!
The stone hits the faun!
The stone burns the faun.
You kill the faun!
Trog accepts your kill.
Trog appreciates your killing of a magic user.
You hear a splash. x3
Your Long Blades skill increases to level 15!
As you read the scroll of teleportation, it crumbles to dust.
You feel strangely unstable.
The merfolk impaler hits you from afar with a +3 trident of flaming!
* * * LOW HITPOINT WARNING * * *
The merfolk impaler burns you.
* * * LOW HITPOINT WARNING * * *
You block the snapping turtle's attack.
The alligator snapping turtle bites you but does no damage.
You block the merfolk impaler's attack.
You hit the merfolk aquamancer.
Lightning courses through the merfolk aquamancer!
You kill the merfolk aquamancer!
Trog accepts your kill.
Trog appreciates your killing of a magic user.
You hear a splash. x2
You block the merfolk impaler's attack. You block the snapping turtle's attack.
The merfolk aquamancer points at you and mumbles some strange words.
The shard of ice hits you!!!
You die...

≈≈≈≈≈≈≈≈≈≈≈≈≈≈≈≈≈≈≈≈≈≈≈≈≈≈≈≈≈≈#
..[≈≈≈≈≈≈≈≈≈≈≈≈≈≈≈≈≈≈≈≈≈≈≈≈≈≈≈#
....≈≈≈≈≈≈≈≈≈≈≈≈≈≈≈≈≈≈≈≈≈≈≈≈≈≈#
..m..≈≈≈≈≈≈≈≈≈≈≈≈≈m≈≈≈≈≈≈≈≈≈≈≈#
##.....≈≈≈≈≈≈≈≈≈≈≈≈≈≈≈≈≈≈≈≈≈≈≈#
#.........≈≈≈≈≈m≈≈≈≈≈≈≈≈≈≈≈≈≈≈#
......[...≈≈≈≈≈≈≈≈≈≈≈≈≈≈≈≈≈≈≈≈#
......§§..≈≈≈≈≈t≈≈≈≈≈≈≈≈≈≈≈≈≈≈#
..........≈≈≈≈≈W@≈≈≈≈≈≈≈≈≈≈≈≈≈#
#..≈≈≈.≈...≈)≈≈)≈≈≈≈≈≈≈≈≈≈≈≈≈≈#
..≈≈≈≈.§.)..≈!≈mt≈≈≈≈≈≈≈≈≈≈≈≈≈#
.≈≈≈≈........m≈≈≈≈≈≈≈≈≈≈≈≈≈≈≈≈#
≈≈≈≈≈.^...^...†≈≈≈≈≈≈≈≈≈≈≈≈≈≈≈#
≈≈≈≈..§....^...^≈^≈≈≈≈≈≈≈≈≈≈≈≈#
≈≈≈≈..^§^.^.^...^.^.≈..≈≈≈≈≈≈≈#
≈≈≈≈.W.^.^.....^........≈≈≈≈≈≈#
≈≈≈≈≈.#####'''#####..##..≈≈≈≈≈#


You could see an alligator snapping turtle, 2 merfolk avatars, a merfolk
impaler, a merfolk aquamancer, a snapping turtle and Neebert's ghost.

Vanquished Creatures
  Rupert (Lair:5)
  Frances (D:12)
  Donald (Shoals:1)
  Aizul (Shoals:1)
  An ironbound preserver (D:14)
  A stone giant (D:15)
  Nessos (Lair:4)
  A minotaur (Gauntlet)
  3 dire elephants (Lair:6)
  A fire dragon (D:15)
  A merfolk impaler (Shoals:1)
  Josephine (D:12)
  8 hydras
  2 ogre magi
  6 boulder beetles
  3 merfolk avatars (Shoals:1)
  10 two-headed ogres
  2 catoblepae (Lair:6)
  An anaconda (shapeshifter) (D:13)
  An alligator snapping turtle (Shoals:1)
  A merfolk aquamancer (Shoals:1)
  Erica (D:9)
  6 centaur warriors
  6 death yaks
  4 orc high priests
  2 tengu warriors (D:15)
  A fire crab (Shoals:1)
  A spectral anaconda (Lair:6)
  A lindwurm (Lair:6)
  Pikel (D:6)
  5 sea snakes (Shoals:1)
  An obsidian statue (Lair:6)
  An orange crystal statue (D:11)
  2 wizards (D:14)
  8 orc knights
  5 necromancers
  11 ugly things
  A deep elf pyromancer (D:15)
  4 orc sorcerers (Orc:2)
  3 cyclopes
  5 fauns (Shoals:1)
  6 manticores
  22 elephants
  5 merfolk sirens
  A centaur zombie (D:11)
  2 black mambas
  A dire elephant zombie (Lair:6)
  A water nymph (shapeshifter) (D:13)
  Maurice (D:11)
  An ice statue (Gauntlet)
  20 cane toads
  3 torpor snails
  A gargoyle (D:13)
  2 rime drakes
  2 unseen horrors
  A kobold demonologist (D:8)
  5 komodo dragons
  2 freezing wraiths (D:14)
  A queen bee (shapeshifter) (D:14)
  5 trolls
  12 merfolk
  2 polar bears
  3 meliai (D:14)
  2 spectral elephants (Lair:6)
  A polar bear (shapeshifter) (D:14)
  3 hornets
  8 slime creatures
  2 wind drakes (Shoals:1)
  3 snapping turtles (Shoals:1)
  19 blink frogs
  3 large abominations (Gauntlet)
  19 dream sheep
  A water elemental (Shoals:1)
  2 shadows (D:12)
  A centaur simulacrum (D:15)
  2 spriggans (Lair:3)
  A dire elephant simulacrum (Lair:6)
  5 wraiths
  68 yaks
  3 fire bats (Shoals:1)
  2 basilisks
  3 wyverns
  A steam dragon (D:6)
  6 vampire mosquitoes
  4 small abominations (Gauntlet)
  3 wargs
  A spectral cane toad (Lair:6)
  2 acid dragons
  12 water moccasins
  2 sky beasts
  2 black bears
  3 necrophages
  An ice beast (D:6)
  An elephant zombie (Lair:6)
  29 orc warriors
  6 ogres
  16 wolves
  7 centaurs
  An elephant skeleton (Lair:6)
  A phantom (D:2)
  12 kobold brigands
  7 bullfrogs
  A gnoll sergeant (D:7)
  2 cane toad simulacra (Lair:6)
  7 scorpions
  A hornet simulacrum (D:14)
  A water moccasin skeleton (D:5)
  An elephant simulacrum (Lair:6)
  4 wights (D:7)
  3 howler monkeys (D:8)
  A bullfrog zombie (D:5)
  A hound (D:6)
  29 orc priests
  A gnoll shaman (D:9)
  5 jellies
  35 orc wizards
  2 hell rats (Lair:1)
  13 gnolls
  6 adders
  10 river rats (Lair:1)
  2 shadow imps
  3 white imps
  2 ufetubi (D:5)
  7 worms
  7 dart slugs
  93 orcs
  5 endoplasms (D:1)
  5 giant cockroaches
  10 goblins
  9 hobgoblins
  16 jackals
  21 kobolds
  2 quokkas
  4 ball pythons
  5 bats
  A frilled lizard (D:2)
  7 rats
  A butterfly (Lair:1)
804 creatures vanquished.

Vanquished Creatures (collateral kills)
  A slime creature (D:13)
  A gnoll (D:9)
2 creatures vanquished.

Vanquished Creatures (others)
  A bush (Lair:4)
  14 demonic plants (Gauntlet)
  11 fungi
  26 plants
  18 withered plants (Lair:6)
70 creatures vanquished.

Grand Total: 876 creatures vanquished

Notes
Turn   | Place    | Note
-------+----------+-------------------------------------------
     0 | D:1      | Borgoz the Gargoyle Berserker began the quest for the Orb.
     0 | D:1      | Reached XP level 1. HP: 14/14 MP: 1/1
    51 | D:1      | Reached XP level 2. HP: 12/19 MP: 2/2
   524 | D:1      | Found a faded altar of an unknown god.
   550 | D:1      | Reached skill level 3 in Long Blades
   591 | D:1      | Reached XP level 3. HP: 23/23 MP: 3/3
  1473 | D:2      | Reached ** piety under Trog
  1846 | D:2      | Reached XP level 4. HP: 23/29 MP: 4/4
  2006 | D:2      | Noticed a phantom
  2026 | D:2      | Killed a phantom
  2027 | D:2      | Reached XP level 5. HP: 9/33 MP: 5/5
  2828 | D:3      | Reached XP level 6. HP: 28/39 MP: 6/6
  2993 | D:3      | Found a blossoming altar of Fedhas.
  3244 | D:4      | Reached *** piety under Trog
  3411 | D:4      | Identified the +0 kite shield of Protective Custody {rF+
                  | Slay+3}
  3431 | D:4      | Reached skill level 4 in Long Blades
  3484 | D:4      | Noticed a necrophage
  3493 | D:4      | Killed a necrophage
  3494 | D:4      | Reached skill level 5 in Fighting
  3494 | D:4      | Reached XP level 7. HP: 43/44 MP: 7/7
  3575 | D:4      | Found a snail-covered altar of Cheibriados.
  3855 | D:5      | Entered Level 5 of the Dungeon
  3888 | D:5      | Reached skill level 1 in Shields
  4078 | D:5      | Found a basalt altar of Yredelemnul.
  4078 | D:5      | Found a shadowy altar of Dithmenos.
  4452 | D:5      | Found Afebekk's Book Boutique.
  4465 | D:5      | Identified the +1 pair of gloves "Joon" {rPois Will+}
  4527 | D:5      | Reached skill level 5 in Long Blades
  4527 | D:5      | Reached XP level 8. HP: 20/50 MP: 8/8
  4817 | D:5      | Found a radiant altar of Vehumet.
  5169 | D:6      | Reached skill level 5 in Armour
  5227 | D:6      | Noticed Pikel
  5243 | D:6      | Killed Pikel
  5244 | D:6      | Reached skill level 6 in Long Blades
  5394 | D:6      | Reached XP level 9. HP: 52/55 MP: 9/9
  5671 | D:6      | Reached **** piety under Trog
  6391 | D:6      | Reached skill level 7 in Long Blades
  6770 | D:6      | Found Jealext's Armour Boutique.
  7137 | D:7      | Reached skill level 5 in Shields
  7139 | D:7      | Reached skill level 5 in Dodging
  7212 | D:7      | Found a staircase to the Ecumenical Temple.
  7451 | D:7      | Reached XP level 10. HP: 63/63 MP: 10/10
  8334 | D:8      | Reached skill level 8 in Long Blades
  8544 | D:8      | Noticed a two-headed ogre
  8554 | D:8      | Killed a two-headed ogre
  8884 | D:8      | Found a white marble altar of Elyvilon.
  9156 | D:8      | Noticed a kobold demonologist
  9167 | D:8      | Killed a kobold demonologist
  9327 | D:8      | Reached skill level 9 in Long Blades
  9470 | D:8      | Reached ***** piety under Trog
  9573 | D:9      | Reached XP level 11. HP: 67/69 MP: 11/11
  9791 | D:9      | Noticed a cyclops
  9798 | D:9      | Killed a cyclops
  9927 | D:9      | Found a flagged portal.
  9944 | Bailey   | Entered a bailey
 10004 | Bailey   | Noticed an orc knight
 10123 | Bailey   | Noticed an orc knight
 10123 | Bailey   | Noticed an orc knight
 10191 | Bailey   | Killed an orc knight
 10210 | Bailey   | Killed an orc knight
 10211 | Bailey   | Reached skill level 1 in Evocations
 10311 | Bailey   | Identified the +1 ring mail of Fun and Games {Int+5}
 10389 | D:9      | Noticed Erica
 10408 | D:9      | Killed Erica
 10515 | D:9      | Found a staircase to the Orcish Mines.
 10758 | D:9      | Found a faded altar of an unknown god.
 10768 | D:9      | Found a hazy altar of Hepliaklqana.
 10887 | D:10     | Entered Level 10 of the Dungeon
 11566 | D:10     | Noticed an ogre mage
 11624 | D:10     | Found a transporter.
 11624 | D:10     | Found a transporter.
 11631 | D:10     | Noticed an orc high priest
 11688 | D:11     | Reached skill level 10 in Long Blades
 11689 | D:11     | Noticed an orange crystal statue
 11720 | D:11     | Noticed Maurice
 11812 | D:11     | Found a staircase to the Lair.
 11872 | D:11     | Reached XP level 12. HP: 29/76 MP: 12/12
 11902 | D:11     | Noticed a two-headed ogre
 11908 | D:11     | Killed a two-headed ogre
 11912 | D:11     | Killed Maurice
 11951 | D:11     | Noticed a two-headed ogre
 11962 | D:11     | Killed a two-headed ogre
 12347 | D:12     | Noticed Josephine
 12382 | D:12     | Killed Josephine
 12479 | D:12     | Noticed a boulder beetle
 12510 | D:12     | Killed a boulder beetle
 12601 | D:12     | Noticed Frances
 12617 | D:12     | Killed Frances
 12629 | D:12     | Noticed a boulder beetle
 12675 | D:12     | Killed a boulder beetle
 12676 | D:12     | Reached skill level 11 in Long Blades
 12792 | D:12     | Reached skill level 10 in Fighting
 12818 | D:12     | Noticed a seven-headed hydra
 12826 | D:12     | Killed a three-headed hydra
 12933 | D:12     | Found a burning altar of Makhleb.
 13526 | D:13     | Noticed a centaur warrior
 13529 | D:13     | Killed a centaur warrior
 13529 | D:13     | Received a gift from Trog
 13531 | D:13     | Reached XP level 13. HP: 68/82 MP: 13/13
 13652 | D:13     | Reached skill level 10 in Armour
 13901 | D:13     | Reached ****** piety under Trog
 14298 | D:14     | Found a radiant altar of Vehumet.
 14308 | D:14     | Reached skill level 12 in Long Blades
 14752 | D:14     | Reached skill level 10 in Shields
 14754 | D:14     | Noticed an ironbound preserver
 14835 | D:14     | Killed an ironbound preserver
 14883 | D:14     | Found a gate to the Vaults.
 14908 | D:14     | Identified the +1 ring mail "Kephoal Yrusm" {rN+ rCorr
                  | Int+8 Stlth-}
 14913 | D:14     | Gained mutation: Your large and strong wings let you fly.
                  | [Gargoyle growth]
 14913 | D:14     | Reached XP level 14. HP: 79/90 MP: 14/14
 15058 | D:14     | Found an iron altar of Okawaru.
 15164 | D:15     | Entered Level 15 of the Dungeon
 15279 | D:15     | Found a staircase to the Depths.
 15279 | D:15     | Noticed a stone giant
 15287 | D:15     | Killed a stone giant
 15539 | D:14     | Reached skill level 13 in Long Blades
 16391 | D:10     | Received a gift from Trog
 16976 | Lair:1   | Entered Level 1 of the Lair of Beasts
 18434 | Lair:2   | Found a hole to the Spider Nest.
 18454 | Lair:2   | Identified the +1 robe of Henotheism {rElec Str+2 Stlth+}
 19034 | Lair:3   | Reached XP level 15. HP: 70/96 MP: 15/15
 19046 | Lair:3   | Found a gate leading to a gauntlet.
 19222 | Gauntlet | Entered a Gauntlet
 19222 | Gauntlet | Found a transporter.
 19236 | Gauntlet | Found a transporter.
 19246 | Gauntlet | Found a transporter.
 19248 | Gauntlet | Found a large runed translucent door.
 19249 | Gauntlet | Found a large runed translucent door.
 19250 | Gauntlet | Found a large runed translucent door.
 19250 | Gauntlet | Found a large runed translucent door.
 19250 | Gauntlet | Found a runed translucent door.
 19251 | Gauntlet | Found a transporter.
 19252 | Gauntlet | Found a runed translucent door.
 19253 | Gauntlet | Found a large runed translucent door.
 19253 | Gauntlet | Found a large runed translucent door.
 19254 | Gauntlet | Found a large runed translucent door.
 19255 | Gauntlet | Found a large runed translucent door.
 19261 | Gauntlet | Found a large runed translucent door.
 19261 | Gauntlet | Found a large runed translucent door.
 19262 | Gauntlet | Found a large runed translucent door.
 19262 | Gauntlet | Found a large runed translucent door.
 19263 | Gauntlet | Found a large runed translucent door.
 19263 | Gauntlet | Found a large runed translucent door.
 19264 | Gauntlet | Found a runed translucent gate.
 19264 | Gauntlet | Found a runed translucent gate.
 19264 | Gauntlet | Found a runed translucent gate.
 19266 | Gauntlet | Found a transporter.
 19276 | Gauntlet | Found a large runed translucent door.
 19277 | Gauntlet | Found a large runed translucent door.
 19285 | Gauntlet | Found a transporter.
 19297 | Gauntlet | Found a transporter.
 19305 | Gauntlet | Found a transporter.
 19305 | Gauntlet | Found a transporter.
 19322 | Gauntlet | Found a transporter.
 19328 | Gauntlet | Found a transporter.
 19343 | Gauntlet | Found a transporter.
 19352 | Gauntlet | Found a transporter.
 19374 | Gauntlet | Found a transporter.
 19389 | Gauntlet | Found a transporter.
 19391 | Gauntlet | Found a transporter.
 19416 | Gauntlet | Found a transporter.
 19566 | Gauntlet | Found a transporter.
 19665 | Gauntlet | Received a gift from Trog
 19727 | Gauntlet | Identified the +3 dagger of Forced Transition {antimagic,
                  | rC++}
 20519 | Lair:4   | Found a staircase to the Shoals.
 20620 | Lair:4   | Noticed Nessos
 20638 | Lair:4   | Killed Nessos
 21153 | Lair:5   | Reached skill level 14 in Long Blades
 21185 | Lair:5   | Received a gift from Trog
 21194 | Lair:5   | Reached skill level 10 in Dodging
 21455 | Lair:5   | Noticed Rupert
 21467 | Lair:5   | Killed Rupert
 21840 | Lair:6   | Entered Level 6 of the Lair of Beasts
 21893 | Lair:6   | Reached XP level 16. HP: 104/104 MP: 16/16
 22185 | Lair:6   | Reached skill level 5 in Evocations
 22306 | Lair:6   | Found a staircase to the Slime Pits.
 22400 | Lair:6   | Identified the +6 scimitar of the Vine {elec, rElec rPois
                  | rF+ rN+ rCorr}
 22852 | Lair:6   | Received a gift from Trog
 22993 | Lair:6   | Identified the amulet of Caestrur {*Corrode rN+ Regen+
                  | Str+2 Dex+4}
 23416 | Orc:1    | Entered Level 1 of the Orcish Mines
 23436 | Orc:1    | Found Vigruvve's Antique Armour Emporium.
 23473 | Orc:1    | Bought a pair of runed boots for 277 gold pieces
 23856 | Orc:1    | Found Gasm's Weapon Shoppe.
 24015 | Orc:2    | Entered Level 2 of the Orcish Mines
 24254 | Orc:2    | Received a gift from Trog
 24297 | Orc:2    | Found Joxzuwk's Magic Scroll Shop.
 24376 | Orc:2    | Found Bawn's Antique Armour Shoppe.
 24420 | Orc:2    | Bought a scroll of magic mapping for 56 gold pieces
 24420 | Orc:2    | Bought a scroll of teleportation for 48 gold pieces
 24423 | Orc:2    | Bought a spiked cloak for 275 gold pieces
 24423 | Orc:2    | Identified the +3 cloak of Philately {Int+2 Dex+6} (You
                  | bought it in a shop on level 2 of the Orcish Mines)
 24423 | Orc:2    | Bought a runed helmet for 217 gold pieces
 24424 | Orc:2    | Found Xurr's Antique Armour Shoppe.
 24426 | Orc:2    | Found Ybudoj's Jewellery Shop.
 24460 | Orc:2    | Bought a dazzling cloak for 256 gold pieces
 24460 | Orc:2    | Identified the -6 cloak of Lifelessness {+Blink rF+} (You
                  | bought it in a shop on level 2 of the Orcish Mines)
 24460 | Orc:2    | Bought a glimmering plate armour for 756 gold pieces
 24460 | Orc:2    | Identified the +1 plate armour "Fyenloug" {Will+} (You
                  | bought it in a shop on level 2 of the Orcish Mines)
 24828 | Orc:2    | Found a staircase to the Elven Halls.
 25588 | Shoals:1 | Entered Level 1 of the Shoals
 25772 | Shoals:1 | Reached XP level 17. HP: 29/111 MP: 17/17
 25953 | Shoals:1 | Noticed Donald
 25963 | Shoals:1 | Killed Donald
 26028 | Shoals:1 | Noticed Aizul
 26041 | Shoals:1 | Killed Aizul
 26041 | Shoals:1 | Received a gift from Trog
 26207 | Shoals:1 | Found a runed translucent gate.
 26207 | Shoals:1 | Found a runed translucent gate.
 26209 | Shoals:1 | Found a runed translucent gate.
 26215 | Shoals:1 | Noticed Neebert's ghost (journeyman MiFi)
 26467 | Shoals:1 | Gained mutation: You tend to lose your temper in combat.
                  | [mutagenic glow]
 26476 | Shoals:1 | Reached skill level 15 in Long Blades
 26477 | Shoals:1 | Killed from afar by a merfolk aquamancer

Illustrated notes

Levels and vault maps discovered:
D:1:      saegor_arrival_simple_c, layout_basic,
          hellmonk_ecumenical_altar_crossroads
D:2:      layout_basic, dk_noncrumbling_3
D:3:      layout_rooms, marbit_many_paths, nrook_campfire, eino_tiny_chamber
D:4:      layout_basic, lemuel_crystal_altar
D:5:      layout_loops_ring, nicolae_overflow_hidden_temple, serial_shops,
          nicolae_shop_trees, minmay_statues_item, roderic_cross_of_infinity
D:6:      layout_basic, serial_shops, shop, uniq_pikel
D:7:      layout_basic, minmay_temple_entry_overgrown
D:8:      layout_cave_pods, elyvilon_altar_4, special_room [special_room_kobold]
D:9:      layout_stronghold, beargit_hepliaklqana_dungeon_heroes,
          enter_bailey_3, uniq_erica
D:10:     gammafunk_beogh_shrine, layout_loops_corners, nicolae_lava_and_water
D:11:     layout_cave_pools, erik_lair_orcish_takeover, minivault_16,
          uniq_maurice
D:12:     layout_irregular_city, chequers_hall_statues_wall_a, bloody_makhleb,
          uniq_frances, uniq_josephine
D:13:     minmay_clustersquares, layout_irregular_city,
          ebering_dispersal_statue_hall
D:14:     layout_basic, skrybe_vaults_entry_preservation, vehumet_crystals,
          grunt_ministairs_10, okawaru_altar_gauntlet_db
D:15:     grunt_enter_depths_snipers, layout_rooms, serial_park_fountain
Lair:1:   layout_layer_cave, serial_bayou_pond_c, kennysheep_rathole,
          lemuel_fruit_fields
Lair:2:   layout_hall_layers, nicolae_spider_entry_non_spiders,
          lemuel_fruit_tree
Lair:3:   layout_cave_pods, gauntlet_entry_generic, forest_entry_grove,
          lemuel_fruit_fields, grunt_megastairs_3
Lair:4:   layout_long_grid, elwin_shoals_entry_stream, beast_lair_carwin_10,
          uniq_nessos
Lair:5:   layout_roguey, uniq_rupert
Lair:6:   due_jungle_book, layout_regular_city, minmay_slime_entry_pillars
Shoals:1: layout_shoals, gammafunk_ghost_tricky_traps, hangedman_shoal_volcano,
          uniq_donald, uniq_aizul
Orc:1:    layout_diamond_mine, serial_shops, nicolae_shop_window_shopping,
          nicolae_shop_behind_doors, minmay_orc_temple_b
Orc:2:    st_orc_elflike, layout_diamond_mine, basic_altar

Skill      XL: |  1  2  3  4  5  6  7  8  9 10 11 12 13 14 15 16 17 |
---------------+----------------------------------------------------+-----
Long Blades    | 3 4 5 6 7 9 10 11 12 13 14 15 | 15.0
Dodging        | 2 3 4 5 6 7 8 9 10 11 | 11.3
Armour         | 3 4 5 6 7 8 9 10 11 12 13 14 | 14.2
Fighting       | 4 5 6 7 8 9 10 11 12 13 14 | 14.3
Shields        | 2 3 5 6 7 9 10 11 12 | 12.5
Evocations     | 2 3 4 5 |  5.0

Action                   |  1- 3 |  4- 6 |  7- 9 | 10-12 | 13-15 | 16-18 || total
-------------------------+-------+-------+-------+-------+-------+-------++-------
Melee: Falchion          |   123 |   154 |   260 |   358 |       |       ||   895
       Scimitar          |       |       |       |   211 |   889 |   661 ||  1761
Throw: Throwing net      |       |       |       |     1 |     1 |       ||     2
Invok: Berserk           |     1 |     1 |     5 |    12 |    12 |     4 ||    35
       Trog's Hand       |       |       |     1 |     3 |     2 |     3 ||     9
Evoke: Wand              |       |       |       |    10 |       |       ||    10
  Use: Scroll            |     3 |       |     3 |    17 |     8 |     2 ||    33
       Potion            |       |       |       |       |     1 |     1 ||     2
 Stab: Sleeping          |     1 |       |     1 |     1 |     2 |     1 ||     6
       Petrified         |       |       |       |       |       |     3 ||     3
Armor: Animal skin       |    32 |       |       |       |       |       ||    32
       Ring mail         |    30 |    74 |   119 |    84 |       |       ||   307
       Troll leather arm |       |       |       |   142 |   210 |   162 ||   514
Dodge: Dodged            |   105 |    97 |   114 |   238 |   325 |   264 ||  1143
Block: Kite shield       |       |     2 |   137 |   379 |   738 |   585 ||  1841
       Reflection        |       |       |       |     2 |    19 |    28 ||    49
       Rpst.: Falchion   |    34 |    36 |    31 |    32 |       |       ||   133
       Scimitar          |       |       |       |    20 |    72 |    47 ||   139
